Map: Fields of Death

Players

Zittoune - Winner!

  • Race: Protoss Protoss

KillerGabs - Winner!

  • Race: Terran Terran
  • League: Bronze

Blubbel

  • Race: Terran Terran
  • League: Silver

zod

  • Race: Protoss Protoss
  • League: Silver

VOD

Have the link to the VOD?

Description

Time

  • Played on: Jan. 17, 2016, 1:38 p.m.
  • Length: 4:10
Show
View Real Time Build Order
Export as new Build Order

Zittoune Protoss - Winner!

Build Orders:  

Get SALT Encoding   

  12  0:01  Probe (Chrono Boost)  
  13  0:12  Probe (Chrono Boost)  
  14  0:19  Pylon  
  14  0:26  Probe (Chrono Boost)  
  15  0:35  Assimilator  
  15  0:40  Gateway  
  15  0:44  Probe (Chrono Boost)  
  16  0:54  Probe (Chrono Boost)  
  17  1:05  Probe (Chrono Boost)  
  18  1:16  Gateway  
  18  1:18  Probe (Chrono Boost)  
  19  1:28  Cybernetics Core  
  19  1:29  Probe (Chrono Boost)  
  20  1:34  Pylon  
  20  1:39  Assimilator  
  21  1:40  Probe (Chrono Boost)  
  21  1:50  Probe (Chrono Boost)  
  22  1:55  Zealot  
  24  2:02  Gateway  
  24  2:09  Pylon  
  24  2:16  Probe (Chrono Boost)  
  24  2:19  Warp Gate (Chrono Boost)  
  25  2:28  Pylon  
  25  2:31  Adept  
  25  2:33  Stalker  
  29  2:50  Probe  
  30  2:54  Adept  
  30  2:58  Adept  
  34  3:03  Probe  
  34  3:05  Pylon  
  35  3:15  Probe  
  35  3:17  Pylon  
  36  3:23  Forge  
  36  3:36  Probe  
  36  3:40  Stalker  
  39  3:42  Adept  
  39  3:48  Probe  
  41  4:03  Twilight Council  
Show
View Real Time Build Order
Export as new Build Order

KillerGabs Terran - Winner!

Build Orders:  

Get SALT Encoding   

  12  0:02  SCV  
  14  0:14  SCV  
  14  0:23  Supply Depot  
  14  0:35  SCV  
  15  0:47  SCV, Barracks  
  16  0:52  Barracks  
  16  0:59  SCV  
  17  1:11  SCV  
  18  1:18  Barracks  
  18  1:23  SCV  
  19  1:38  Supply Depot  
  19  1:45  Orbital Command  
  19  1:46  Marine  
  19  1:47  Marine  
  20  1:48  Refinery  
  21  2:07  Barracks, Marine x3  
  24  2:18  Refinery  
  24  2:19  SCV  
  25  2:31  SCV  
  26  2:39  Barracks Tech Lab  
  26  2:44  Barracks Tech Lab  
  26  2:50  Barracks Tech Lab  
  26  2:51  SCV  
  26  2:58  Barracks Reactor  
  27  3:03  SCV  
  28  3:06  Supply Depot  
  28  3:15  SCV  
  28  3:16  Command Center  
  29  3:22  Refinery  
  29  3:26  Concussive Shells  
  29  3:27  Refinery  
  29  3:31  Marauder  
  31  3:35  Marauder  
  35  3:41  Marauder  
Show
View Real Time Build Order
Export as new Build Order

Blubbel Terran 

Build Orders:  

Get SALT Encoding   

  12  0:02  SCV  
  13  0:14  SCV  
  14  0:26  Supply Depot  
  14  0:29  SCV, Refinery  
  15  0:48  SCV  
  16  0:51  Barracks  
  16  1:00  SCV  
  17  1:12  SCV  
  18  1:24  SCV  
  19  1:34  Command Center  
  19  1:37  SCV  
  20  1:48  Factory  
  20  1:52  SCV  
  21  1:55  Marine  
  23  2:11  Orbital Command  
  22  2:18  Reaper  
  23  2:33  Starport  
  23  2:38  Refinery  
  23  2:46  SCV  
  23  2:47  Supply Depot  
  24  2:53  Supply Depot, Engineering Bay  
  24  3:14  SCV x2  
  26  3:20  Supply Depot  
  26  3:26  SCV  
  27  3:36  SCV  
  27  3:38  SCV  
  29  3:43  Missile Turret  
  31  3:51  Factory, Marine  
  34  4:01  Barracks  
Show
View Real Time Build Order
Export as new Build Order

zod Protoss 

Build Orders:  

Get SALT Encoding   

  12  0:01  Probe (Chrono Boost)  
  13  0:14  Probe (Chrono Boost)  
  14  0:25  Probe (Chrono Boost)  
  14  0:26  Pylon  
  15  0:42  Assimilator  
  15  0:44  Probe (Chrono Boost)  
  15  0:45  Gateway  
  16  0:55  Probe (Chrono Boost)  
  17  1:01  Gateway  
  17  1:05  Probe (Chrono Boost)  
  18  1:16  Probe (Chrono Boost)  
  19  1:27  Probe (Chrono Boost)  
  20  1:38  Cybernetics Core  
  20  1:43  Pylon  
  20  1:58  Nexus  
  20  2:04  Zealot  
  22  2:12  Probe (Chrono Boost), Assimilator  
  25  2:22  Mothership Core (Chrono Boost)  
  25  2:27  Adept  
  27  2:41  Probe (Chrono Boost), Adept  
  31  2:51  Probe (Chrono Boost)  
  31  2:57  Pylon  
  31  3:09  Probe (Chrono Boost), Adept  
  31  3:12  Pylon  
  34  3:14  Probe (Chrono Boost)  
  35  3:20  Probe  
  35  3:24  Probe  
  37  3:32  Probe  
  42  3:54  Robotics Facility  
  42  3:57  Forge  
  42  3:59  Pylon  
Tags
 
Add a new tag
Caveats
  • Supply blocks, unpowered buildings, or Contaminate may cause inaccurate times.
  • Supply counts are checked every 10 seconds.